 Dungeon Crawl Stone Soup version 0.30-a0-948-g4fa250aae5 (webtiles) character file.

Game seed: 16078154395176291882

36 DeathPants the Cutter (level 3, -2/18 HPs)
             Began as a Vine Stalker Gladiator on Mar 26, 2023.
             Slain by a worm (7 damage)
             ... on level 3 of the Dungeon.
             The game lasted 00:06:18 (664 turns).

DeathPants the Cutter (Vine Stalker Gladiator)       Turns: 664, Time: 00:06:19

Health: -2/18      AC:  4    Str: 16    XL:     3   Next: 37%
Magic:  0/5        EV: 12    Int: 10    God:
Gold:   54         SH:  0    Dex: 15    Spells: 4/4 levels left

rFire   . . .      SeeInvis .    a - +0 rapier
rCold   . . .      Faith    .    (no shield)
rNeg    . . .      Spirit   +    b - +0 leather armour
rPois   .          Reflect  .    c - +0 helmet
rElec   .          Rampage  .    (no cloak)
rCorr   .                        (no gloves)
Will    .....                    (no boots)
Stlth   +                        (no amulet)
HPRegen 0.23/turn                m - ring of wizardry
MPRegen 0.09/turn                (no ring)

@: no status effects
A: fangs 2, magic shield, antimagic bite, no potion heal 2
a: no special abilities


You were on level 3 of the Dungeon.
You visited 1 branch of the dungeon, and saw 3 of its levels.

You collected 54 gold pieces.

Inventory:

Hand Weapons
 a - a +0 rapier (weapon)
Missiles
 d - 3 throwing nets (quivered)
 e - a javelin
 g - 4 poisoned darts
Armour
 b - a +0 leather armour (worn)
 c - a +0 helmet (worn)
Jewellery
 m - a ring of wizardry (left hand)
Scrolls
 f - a scroll of torment {unknown}
 h - a scroll of amnesia {unknown}
 j - a scroll of noise {unknown}
 l - a scroll of magic mapping {unknown}
Potions
 i - a potion of ambrosia {unknown}
 k - a potion of heal wounds {unknown}


   Skills:
 + Level 2.2 Fighting
 - Level 2.8 Short Blades
 - Level 1.7 Throwing
 + Level 0.6 Armour
 + Level 2.8 Dodging
 + Level 1.1 Spellcasting


You had 4 spell levels left.
You didn't know any spells.
Your spell library contained the following spells:

 Spells                   Type           Power      Damage    Failure   Level
 Inner Flame              Hex/Fire       0%         N/A       43%         3
 Ozocubu's Armour         Ice            0%         N/A       43%         3
 Cause Fear               Hex            0%         N/A       82%         4
 Ozocubu's Refrigeration  Ice            0%         4d7       100%        7
 Discord                  Hex            0%         N/A       100%        8


Dungeon Overview and Level Annotations

Branches:
Dungeon (3/15)

Altars:

Shops:
D:1 (::((


Innate Abilities, Weirdness & Mutations

You have extremely sharp teeth.
When hurt, damage is shared between your health and your magic reserves.
Your bite disrupts and absorbs the magic of your enemies.
Potions cannot restore your health.


Message History

You miss the adder.
The adder is severely wounded.
The adder bites you but does no damage. The adder closely misses you.
The goblin shoots a sling bullet.
The sling bullet barely misses you.
You barely miss the adder. You bite the adder. You drain its power.
You feel invigorated.
The adder is almost dead.
The adder barely misses you.
You hit the adder.
You kill the adder!
The goblin unwields a +0 sling.
The goblin wields a +0 dagger.
The goblin hits you with a +0 dagger. The goblin hits you but does no damage.
The goblin hits you but does no damage.
You hit the goblin.
You kill the goblin!
m - a ring of wizardry
Things that are here:
a +0 dagger; a +0 sling; a goblin corpse
m - a ring of wizardry (left hand)
A worm comes into view.
The worm closely misses you.
You barely miss the worm. You bite the worm. You drain its power.
The worm is moderately wounded.
You hit the worm.
The worm is heavily wounded.
The worm bites you.
You hit the worm.
The worm is heavily wounded.
The worm bites you!
* * * LOW HITPOINT WARNING * * *
You barely miss the worm.
The worm is heavily wounded.
You hit the worm.
The worm is heavily wounded.
The worm closely misses you.
You hit the worm.
The worm is heavily wounded.
The worm bites you!
You die...

#.# ## #.# #..
##.#.#
###..##<.#.#
.........#.# .
...>.....#.###..
###.###.........
# #.....##..
#@)...##..
#w........
#..........##..
#...##......# .
#.. #.........
#. .......... #
.#..#..##..
.#.<#..# .. .
.......


You could see a worm.

Vanquished Creatures
  An adder (D:3)
  A dart slug (D:1)
  3 bats (D:1)
  An endoplasm (D:1)
  3 giant cockroaches (D:2)
  3 goblins
  2 hobgoblins (D:1)
  2 kobolds
  2 quokkas (D:1)
  2 ball pythons (D:1)
  3 frilled lizards (D:1)
23 creatures vanquished.

Notes
Turn   | Place    | Note
-------+----------+-------------------------------------------
     0 | D:1      | DeathPants the Vine Stalker Gladiator began the quest for
                  | the Orb.
     0 | D:1      | Reached XP level 1. HP: 11/11 MP: 2/2
    52 | D:1      | Found Ciefiaw's Book Emporium.
   145 | D:1      | Found Hutyr's Antique Weapon Boutique.
   221 | D:2      | Reached XP level 2. HP: 15/15 MP: 3/3
   257 | D:1      | Found Fuiruruqi's Weapon Boutique.
   315 | D:1      | Found Hegiti Tesk's Antique Weapon Boutique.
   334 | D:1      | Found Hiteral's Book Boutique.
   551 | D:1      | Reached skill level 1 in Spellcasting
   609 | D:2      | Reached XP level 3. HP: 18/18 MP: 5/5
   664 | D:3      | Slain by a worm

Illustrated notes

Levels and vault maps discovered:
D:1:      scummos_arrival_simple_crosswalls, layout_rooms, serial_shops,
          nicolae_shop_waterfront, nicolae_shop_behind_doors,
          nicolae_shop_bloodbath_and_beyond, nicolae_shop_trees, shop,
          nrook_uturn
D:2:      layout_basic, basic_altar, kennysheep_crisscross, minmay_tetromino_s2,
          uniq_robin
D:3:      layout_basic, nemelex_dance_club_becter

Skill      XL: |  1  2 |
---------------+-------+-----
Fighting       | 2 |  2.2
Spellcasting   | 1 |  1.1
Short Blades   | |  2.8
Throwing       | |  1.7
Armour         | |  0.6
Dodging        | |  2.8

Action                     || total
---------------------------++-------
  Melee: Rapier            ||    60
         Bite              ||    15
   Stab: Sleeping          ||     1
 Armour: Leather armour    ||    22
  Dodge: Dodged            ||    44

Table legend: (Time is in decaauts)
 A = Elapsed time spent in this place.
 B = Non-inter-level travel time spent in this place.
 C = Inter-level travel time spent in this place.
 D = Time resting spent in this place.
 E = Time spent auto-exploring this place.
 F = Levels seen in this place.
 G = Mean time per level.
                   A        B        C        D        E       F      G
               +--------+--------+--------+--------+--------+-----+--------+
         Total |    667 |    646 |     21 |      0 |    349 |   3 |  222.3 |
       Dungeon |    667 |    646 |     21 |      0 |    349 |   3 |  222.3 |
               +--------+--------+--------+--------+--------+-----+--------+

Top non-repeatable levels by time:
     D:1: 560 daAuts
     D:2: 69 daAuts
     D:3: 37 daAuts
